 Dungeon Crawl Stone Soup version 0.27.1-33-g824d729ab1 (webtiles) character file.

Game seed: 7048314811132657875

30 vivovinco the Grasshopper (level 3, -2/30 HPs)
             Began as a Draconian Warper on Dec 28, 2021.
             Slain by a gnoll (3 damage)
             ... on level 2 of the Dungeon.
             The game lasted 00:04:47 (1145 turns).

vivovinco the Grasshopper (Draconian Warper)        Turns: 1145, Time: 00:04:47

Health: -2/30      AC:  7    Str: 14    XL:     3   Next: 5%
Magic:  6/6        EV: 12    Int: 13    God:
Gold:   9          SH:  5    Dex: 10    Spells: 4/6 levels left

rFire    . . .     SeeInvis .   a - +0 hand axe
rCold    . . .     Faith    .   (no shield)
rNeg     . . .     Spirit   .   (armour unavailable)
rPois    .         Reflect  +   h - +2 hat
rElec    .         Harm     .   (no cloak)
rCorr    .         Rampage  .   (no gloves)
Will     +....                  (no boots)
Stlth    +.........             l - amulet of reflection
HPRegen  0.10/turn              i - ring of willpower
MPRegen  0.10/turn              (no ring)

@: lethally poisoned (-2 -> -7), flying
A: AC +5, unfitting armour, cold-blooded
a: no special abilities


You were on level 2 of the Dungeon.
You visited 1 branch of the dungeon, and saw 2 of its levels.

You collected 9 gold pieces.

Inventory:

Hand Weapons
 a - a +0 hand axe (weapon)
Missiles
 c - a boomerang of dispersal (quivered)
 e - 9 arrows
 f - 13 poisoned darts
 k - 32 stones
Armour
 h - a +2 hat (worn)
Jewellery
 d - a ring of positive energy
 i - a ring of willpower (left hand)
 l - an amulet of reflection (around neck)
Scrolls
 b - a scroll of blinking
 g - a scroll of identify {unknown}


   Skills:
 + Level 2.5 Fighting
 + Level 2.4 Axes
 + Level 0.8 Throwing
 + Level 2.3 Dodging
 + Level 2.1 Spellcasting
 + Level 3.4 Translocations


You had 4 spell levels left.
You knew the following spells:

 Your Spells              Type           Power      Damage    Failure   Level
a - Blink                 Tloc           N/A        N/A       10%         2

Your spell library contained the following spells:

 Spells                   Type           Power      Damage    Failure   Level
 Gell's Gravitas          Tloc           5%         N/A       19%         3
 Lesser Beckoning         Tloc           5%         N/A       19%         3
 Teleport Other           Tloc           10%        N/A       19%         3
 Manifold Assault         Tloc           10%        N/A       86%         5


Dungeon Overview and Level Annotations

Branches:
Dungeon (2/15)

Altars:


Innate Abilities, Weirdness & Mutations

Your plain brown scales are hard. (AC +5)
You cannot fit into any form of body armour.
You are cold-blooded and may be slowed by cold attacks.


Message History

The gnoll barely misses you. x2; The gnoll hits you with a +0 spear.
You barely miss the gnoll.
The gnoll is moderately wounded.
The gnoll hits you from afar with a +1 spear of venom.
You are poisoned.
The gnoll barely misses you. The gnoll hits you but does no damage.
You are more poisoned.
You closely miss the gnoll.
The gnoll is moderately wounded.
You feel very sick. The gnoll hits you but does no damage.
The gnoll barely misses you.
You hit the gnoll but do no damage.
The gnoll is moderately wounded.
You feel very sick. The gnoll misses you.
The gnoll hits you from afar with a +1 spear of venom.
You are lethally poisoned!
You closely miss the gnoll.
The gnoll is moderately wounded.
* * * LOW HITPOINT WARNING * * *
You feel very sick. The gnoll barely misses you. You block the gnoll's attack.
You hit the gnoll but do no damage.
The gnoll is moderately wounded.
* * * LOW HITPOINT WARNING * * *
You feel very sick. The gnoll hits you with a +0 spear.
* * * LOW HITPOINT WARNING * * *
You block the gnoll's attack. The gnoll hits you but does no damage.
It was a potion of flight.
You feel very buoyant.
You fly up into the air.
* * * LOW HITPOINT WARNING * * *
You feel sick. The gnoll closely misses you. The gnoll misses you.
You hit the gnoll but do no damage.
Your tail-slap misses the gnoll.
The gnoll is moderately wounded.
* * * LOW HITPOINT WARNING * * *
You feel sick.
The gnoll hits you from afar with a +1 spear of venom.
You die...

*,,......†.#
*******,.......##
,,,,,,,,....!..,*
#####
,,,,,*,,.....(.,*
##...####
>,,,,*,,.......,*
#..#....#
,,,,,,,,.......,*
##.#####.#
,,,,,,,,.......,* #..#
#.#
,****,,,......g####.##
#.# ,*
**,*,.....gg@...# #.#
,* *,,*.##..g######
#.# ,* **,*,#..#**
#.#### ,******,*...**
#....# ,,,,,,,,,.,,*
#....# ,,,,,,,,,,,,**
##..._# ,,,,,,,,,,,,,*
***####.....#
,,,,,,,,,,,,,*
***,,.........#
,,,,,,,,,,,,,*
*,,,*#####....#


You could see 3 gnolls and a goblin.

Vanquished Creatures
  4 bats (D:1)
  3 endoplasms
  2 goblins
  A hobgoblin (D:1)
  2 quokkas
  6 ball pythons
  3 frilled lizards (D:1)
  4 kobolds (D:1)
  3 rats
28 creatures vanquished.

Notes
Turn   | Place    | Note
-------+----------+-------------------------------------------
     0 | D:1      | vivovinco the Draconian Warper began the quest for the Orb.
     0 | D:1      | Reached XP level 1. HP: 17/17 MP: 3/3
   293 | D:1      | Reached XP level 2. HP: 24/24 MP: 5/5
   304 | D:1      | Learned a level 2 spell: Blink
  1055 | D:2      | Reached XP level 3. HP: 30/30 MP: 6/6
  1064 | D:2      | Found a faded altar of an unknown god.
  1145 | D:2      | HP: 1/30 [poisoned by a gnoll]
  1145 | D:2      | Slain by a gnoll

Illustrated notes

Levels and vault maps discovered:
D:1:      sevenhm_arrival_forest_fort_large_1, layout_loops_ring
D:2:      layout_rooms, basic_ecumenical_altar, guppyfry_early_lair_pool

Action                   || total
-------------------------++-------
Melee: Hand axe          ||   104
       Tailslap          ||     5
Throw: Boomerang         ||     4
  Use: Scroll            ||     3
       Potion            ||     1
Armor: Skin              ||    45
Dodge: Dodged            ||    91
Block: Other             ||    12
